 Dungeon Crawl Stone Soup version 0.29-a0-477-g62b78b4225 (webtiles) character file.

Game seed: 17902925296398800044

73584 Morbidden the Brawler (level 15, -3/140 HPs)
             Began as a Troll Transmuter on May 25, 2022.
             Was the Champion of Jiyva.
             Asphyxiated
             ... on level 13 of the Dungeon.
             The game lasted 00:33:37 (14259 turns).

Morbidden the Brawler (Troll Transmuter)           Turns: 14259, Time: 00:33:38

Health: -3/140     AC:  6    Str: 26    XL:     15   Next: 4%
Magic:  23/23      EV: 13    Int: 15    God:    Jiyva [******]
Gold:   1539       SH:  0    Dex: 12    Spells: 11/26 levels left

rFire   + . .      SeeInvis .     - Unarmed
rCold   . . .      Faith    .   (shield currently unavailable)
rNeg    . . .      Spirit   .   z - +0 troll leather armour
rPois   .          Reflect  .   (helmet unavailable)
rElec   .          Harm     +   X - scarf {+Inv}
rCorr   +          Rampage  .   (gloves unavailable)
rMut    +                       (boots unavailable)
Will    +....                   F - amulet "Wottacoc" {Harm Drain Regen+ Slay+2}
Stlth   ++++......              P - +4 ring of protection
HPRegen 4.33/turn               a - ring of wizardry
MPRegen 0.68/turn

@: lethally poisoned (-3 -> -5), blade hands (expiring), spiked, corroded,
slowed, very slow
A: large, unfitting armour, claws 3, regeneration 1, shaggy fur 1, tough skin 1,
horns 3, talons 1, thin skeletal structure 1, fire resistance 1, mutation
resistance 3, strong 2, wild magic 1, translucent skin 3, jelly absorbing
missiles
a: End Transformation, Renounce Religion, Evoke Invisibility, Oozemancy, Slimify


You were on level 13 of the Dungeon.
You worshipped Jiyva.
Jiyva was exalted by your worship.
You had blades for hands.
You visited 2 branches of the dungeon, and saw 19 of its levels.
You also visited: Ossuary and Bailey.

You collected 2056 gold pieces.
You spent 517 gold pieces at shops.

Inventory:

Hand Weapons
 s - a +2 broad axe of flaming
Missiles
 v - 31 poisoned darts
 L - 23 large rocks
Armour
 t - +0 steam dragon scales
 z - a +0 troll leather armour (worn)
 O - +0 acid dragon scales
 U - a +0 robe of cold resistance
 X - a scarf of invisibility (worn)
Jewellery
 a - a ring of wizardry (right blade hand)
 x - an amulet of magic regeneration
 B - a ring of positive energy
 C - a +4 ring of protection
 F - the amulet "Wottacoc" (around neck) {Harm Drain Regen+ Slay+2}
   (You bought it in a shop on level 9 of the Dungeon)

   [amulet of regeneration]

   Slay:      It affects your accuracy & damage with ranged weapons and melee
   (+2).
   Regen:     It increases your rate of health regeneration.
   Drain:     It drains your maximum health when unequipped.
   Harm:      It increases damage dealt and taken.
 J - an amulet of faith
 K - a ring of see invisible
 P - a +4 ring of protection (left blade hand)
 W - a ring of positive energy
 Y - a ring of fire
 Z - an amulet of regeneration
Wands
 i - a wand of charming (14)
 u - a wand of iceblast (17)
 Q - a wand of paralysis (3)
 S - a wand of mindburst (19)
 V - a wand of flame (18)
Scrolls
 j - 3 scrolls of immolation
 k - 12 scrolls of identify
 l - 7 scrolls of teleportation
 n - 3 scrolls of vulnerability
 q - 5 scrolls of fog
 w - 2 scrolls of magic mapping
 y - 2 scrolls of enchant armour
 A - 2 scrolls of poison
 E - 5 scrolls of fear
 H - 3 scrolls of amnesia {unknown}
 I - 2 scrolls of silence {unknown}
 R - 2 scrolls of summoning {unknown}
Potions
 b - 4 potions of lignification
 c - 3 potions of brilliance {unknown}
 d - 2 potions of magic {unknown}
 e - 2 potions of heal wounds
 f - 3 potions of attraction {unknown}
 g - 3 potions of curing {unknown}
 h - 4 potions of cancellation
 m - 4 potions of berserk rage
 o - 3 potions of mutation {unknown}
 p - a potion of resistance {unknown}
 r - 2 potions of degeneration {unknown}
 D - 6 potions of ambrosia
 G - 3 potions of might {unknown}
 N - a potion of flight {unknown}
 T - a potion of invisibility {unknown}
Miscellaneous
 M - a piece from Xom's chessboard (15/15)


   Skills:
 * Level 7.5 Fighting
 + Level 4.6 Armour
 * Level 9.1 Dodging
 + Level 3.0 Stealth
 * Level 16.7 Unarmed Combat
 * Level 6.1 Spellcasting
 * Level 2.0 Conjurations
 * Level 7.3 Transmutations
 + Level 4.7 Ice Magic
 + Level 0.3 Evocations


You had 11 spell levels left.
You knew the following spells:

 Your Spells              Type           Power      Damage    Failure   Level
a - Blade Hands           Tmut           17%        N/A       38%         5
b - Ice Form              Ice/Tmut       29%        N/A       30%         4
c - Beastly Appendage     Tmut           68%        N/A       9%          1
d - Irradiate             Conj/Tmut      12%        3d17      65%         5

Your spell library contained the following spells:

 Spells                   Type           Power      Damage    Failure   Level
 Wereblood                Tmut           34%        N/A       9%          2
 Sting                    Tmut/Pois      80%        1d7       16%         1
 Foxfire                  Conj/Fire      40%        2x1d6     26%         1
 Spider Form              Tmut/Pois      20%        N/A       26%         3
 Apportation              Tloc           12%        N/A       32%         1
 Necrotize                Necr           24%        1d5       32%         1
 Summon Small Mammal      Summ           24%        N/A       32%         1
 Poisonous Vapours        Pois/Air       12%        N/A       41%         2
 Sublimation of Blood     Necr           6%         N/A       41%         2
 Conjure Flame            Conj/Fire      10%        6-21      47%         3
 Dazzling Flash           Conj/Hex       20%        N/A       47%         3
 Petrify                  Tmut/Erth      20%        N/A       50%         4
 Inner Flame              Hex/Fire       6%         N/A       56%         3
 Alistair's Intoxication  Tmut/Pois      13%        N/A       75%         5
 Flame Wave               Conj/Fire      10%        2d5       77%         4
 Iskenderun's Mystic Bla  Conj/Tloc      10%        2d4       77%         4
 Animate Armour           Summ/Erth      12%        N/A       86%         4
 Cause Fear               Hex            3%         N/A       86%         4
 Olgreb's Toxic Radiance  Pois           6%         N/A       86%         4
 Iskenderun's Battlesphe  Conj           14%        2d7       88%         5
 Borgnjor's Vile Clutch   Necr/Erth      3%         N/A       98%         5
 Eringya's Noxious Bog    Tmut/Pois      10%        N/A       99%         6
 Iron Shot                Conj/Erth      5%         9d2       100%        6
 Starburst                Conj/Fire      5%         6d4       100%        6
 Spellforged Servitor     Conj/Summ      5%         N/A       100%        7
 Discord                  Hex            3%         N/A       100%        8


Dungeon Overview and Level Annotations

Branches:
Dungeon (13/15)            Temple (0/1) D:4            Lair (6/6) D:11
  Swamp (0/4) Lair:4       Spider (0/4) Lair:3        Slime (0/5) Lair:5
    Orc (0/2) D:12         Vaults (0/5) D:13        Ossuary (visited)
 Bailey (visited)

Altars:
Makhleb
Trog
Xom
Yredelemnul
The Shining One
Jiyva
Lugonu

Shops:
D:9 *

Portals:
Abyss: Lair:6

Annotations:
D:6 Eustachio
Lair:2 1 runed translucent door, Nesabuf's ghost, journeyman MiBe


Innate Abilities, Weirdness & Mutations

You have blades for hands.
Your spellcasting is less reliable in this form.
You are incapable of wielding weapons or throwing items.
You are too large for most types of armour.
You have claws for hands.
Your natural rate of healing is unusually fast.
You are covered in fur. (AC +1)
You have tough skin. (AC +1)
You have a pair of large horns on your head.
You have sharp toenails.
You have a somewhat thin skeletal structure. (Dex +2, Stealth+)
Your flesh is heat resistant. (rF+)
You are almost entirely resistant to further mutation and mutation removal.
Your muscles are very strong. (Str +4)
Your spells are a little harder to cast, but a little more powerful.
Your transparent skin significantly reduces your foes' accuracy. (Stealth+)
You have a small jelly attached to you that may absorb projectiles.


Message History

The rust devil hits you! The rust devil corrodes you!
The red devil hits you from afar with a +3 trident!!
Barbed spikes become lodged in your body.
The kobold demonologist barely misses you.
The two-headed ogre hits you with a +0 giant club!!
The two-headed ogre hits you with a +0 dire flail.
You slash the kobold demonologist!
The kobold demonologist is heavily wounded.
The shadow imp puffs mist at you. The rust devil barely misses you.
The red devil hits you from afar with a +3 trident.
Barbed spikes become lodged in your body.
Unknown command.
You closely miss the kobold demonologist.
Your kick misses the kobold demonologist.
Your headbutt misses the kobold demonologist.
You slash the kobold demonologist!
The kobold demonologist is severely wounded.
The kobold brigand throws a curare-tipped dart.
The curare-tipped dart hits you.
You are poisoned.
You have difficulty breathing.
You feel yourself slow down.
The kobold demonologist looks braver for a moment.
The kobold demonologist casts a cantrip, but nothing happens.
You shred the kobold demonologist!!!
You kill the kobold demonologist!
The smoke demon disappears in a puff of smoke!
The rust devil disappears in a puff of smoke!
You feel very sick.
The two-headed ogre hits you with a +0 giant club!
The two-headed ogre hits you with a +0 dire flail!!
* * * LOW HITPOINT WARNING * * *
The red devil hits you from afar with a +3 trident!!
* * * LOW HITPOINT WARNING * * *
Barbed spikes become lodged in your body.
The kobold brigand throws a curare-tipped dart.
The curare-tipped dart hits you.
You are more poisoned.
You have difficulty breathing.
You die...

...#..#.....#....#
...#..#.....#...........
...#..#.....#...........
#''#..#''####.##........
..............##........
..............##........
####))#######.##§K.5....
..)'†.'.....#.##)§K.....
..)'..'.....#.##@K4K5...
...#..#.....#...KOK.....
...#..#.....#...K.K.....
...#..#.....#.###......?
####.(#######.# ..#####
#... ..# ..# #.... #.##
..# # .. ..# #.#


You could see a two-headed ogre, 2 kobold demonologists, a red devil (summoned),
2 kobold brigands, a white imp (summoned), a shadow imp (summoned) and 4
kobolds.

Vanquished Creatures
  An ironbound preserver (D:13)
  Nessos (Lair:4)
  4 catoblepae
  5 two-headed ogres
  7 hydras
  A tengu warrior (D:13)
  9 death yaks
  4 thrashing horrors (Lair:6)
  A deep elf pyromancer (D:13)
  A lindwurm (Lair:6)
  A manticore (D:13)
  4 ugly things
  5 cyclopes
  8 elephants
  4 smoke demons (Lair:6)
  6 black mambas
  2 gargoyles
  A torpor snail (Lair:4)
  11 cane toads
  4 rime drakes
  2 unseen horrors (D:12)
  Maggie (D:6)
  3 kobold demonologists
  9 komodo dragons
  2 ancient zymes (Lair:6)
  A freezing wraith (D:9)
  A queen bee (Lair:1)
  2 trolls
  A meliai (Lair:3)
  45 blink frogs
  4 dream sheep (Lair:4)
  3 shadows
  39 yaks
  9 wyverns
  2 wraiths
  11 basilisks
  10 vampire mosquitoes
  3 chaos spawn (Lair:6)
  A steam dragon (Lair:3)
  14 water moccasins
  Edmund (D:6)
  3 acid dragons
  11 small abominations (Lair:6)
  9 orc warriors
  A swamp drake (Lair:4)
  6 black bears
  30 wolves
  An ogre (D:6)
  A centaur (D:9)
  An elf zombie (D:6)
  5 kobold brigands
  13 bullfrogs
  An elf skeleton (D:6)
  A necrophage (D:5)
  3 scorpions
  5 wights
  35 killer bees
  2 howler monkeys (D:9)
  3 electric eels
  4 hounds
  A human zombie (D:6)
  5 orc priests
  2 human skeletons (D:6)
  2 orc wizards
  5 hell rats (Lair:6)
  8 mummies (Ossuary)
  10 gnolls (D:5)
  9 adders
  A shadow imp (D:6)
  An ufetubus (D:5)
  2 worms
  2 dart slugs
  23 orcs
  4 bats
  2 endoplasms (D:1)
  20 goblins
  16 hobgoblins
  4 quokkas
  6 ball pythons
  3 frilled lizards
  A hobgoblin zombie (Ossuary)
  21 kobolds
  4 kobold zombies (Ossuary)
  An orc skeleton (D:6)
  3 orc zombies (Ossuary)
  3 rats
538 creatures vanquished.

Vanquished Creatures (collateral kills)
  2 boulder beetles
  An orc knight (Bailey)
  A deep elf pyromancer (Bailey)
  5 komodo dragons
  An orc warrior (D:9)
  A killer bee (D:11)
  2 electric eels (D:9)
  An orc (D:9)
14 creatures vanquished.

Vanquished Creatures (others)
  2 cane toads
  A blink frog (Lair:1)
  A basilisk (Lair:2)
  A wyvern (Lair:4)
  2 yaks (Lair:1)
  5 water moccasins
  A swamp drake (Lair:4)
  A sky beast (D:6)
  A wolf (Lair:2)
  An ogre (D:6)
  A centaur (D:9)
  A phantom (D:6)
  2 bullfrogs
  A necrophage (D:8)
  A scorpion (D:4)
  2 wights (D:8)
  5 killer bees
  A howler monkey (D:6)
  An electric eel (D:9)
  A hound (D:5)
  2 orc priests
  66 jellies
  An iguana (D:4)
  7 orc wizards (D:6)
  5 gnolls (D:5)
  3 adders
  A worm (D:4)
  An endoplasm (D:3)
  16 orcs
  A giant cockroach (D:4)
  17 hobgoblins
  3 jackals (D:2)
  2 quokkas
  A ball python (D:2)
  A bat (D:2)
  2 frilled lizards
  13 goblins
  6 kobolds
  100 fungi
  165 plants
445 creatures vanquished.

Grand Total: 997 creatures vanquished

Notes
Turn   | Place    | Note
-------+----------+-------------------------------------------
     0 | D:1      | Morbidden the Troll Transmuter began the quest for the Orb.
     0 | D:1      | Reached XP level 1. HP: 18/18 MP: 1/1
    81 | D:1      | Found a faded altar of an unknown god.
   144 | D:1      | Reached skill level 1 in Fighting
   144 | D:1      | Reached XP level 2. HP: 27/27 MP: 2/2
   167 | D:1      | Prayed at the altar of an unknown god.
   167 | D:1      | Became a worshipper of Jiyva Jeyfahie the Shapeless
   167 | D:1      | Reached * piety under Jiyva
   655 | D:2      | Reached ** piety under Jiyva
   701 | D:2      | Reached XP level 3. HP: 32/33 MP: 4/4
  1045 | D:2      | Reached skill level 4 in Unarmed Combat
  1253 | D:2      | Reached *** piety under Jiyva
  1608 | D:3      | Found a basalt altar of Yredelemnul.
  1614 | D:3      | Found a glowing golden altar of the Shining One.
  1734 | D:3      | Gained mutation: Your translucent skin slightly reduces
                  | your foes' accuracy. (Stealth+) [Jiyva's grace]
  1734 | D:3      | Gained mutation: Your translucent skin reduces your foes'
                  | accuracy. (Stealth+) [Jiyva's grace]
  1734 | D:3      | Gained mutation: Your transparent skin significantly
                  | reduces your foes' accuracy. (Stealth+) [Jiyva's grace]
  1734 | D:3      | Gained mutation: You expend magic power (3 MP) to
                  | strengthen your wands. [Jiyva's grace]
  1872 | D:3      | Reached **** piety under Jiyva
  2165 | D:3      | Noticed an angel
  2211 | D:4      | Reached XP level 4. HP: 41/41 MP: 5/5
  2326 | D:4      | Identified the +1 quarterstaff "Spiderslayer" {protect,
                  | rF++ Str+4 Dex-5}
  2358 | D:4      | Reached XP level 5. HP: 48/48 MP: 6/6
  2526 | D:4      | Reached skill level 5 in Unarmed Combat
  2664 | D:4      | Found a staircase to the Ecumenical Temple.
  2731 | D:5      | Entered Level 5 of the Dungeon
  2731 | D:5      | Reached ***** piety under Jiyva
  2875 | D:5      | Noticed a two-headed ogre
  2906 | D:5      | Killed a two-headed ogre
  2907 | D:5      | Reached skill level 1 in Stealth
  2907 | D:5      | Reached skill level 6 in Unarmed Combat
  2907 | D:5      | Reached XP level 6. HP: 26/57 MP: 6/8
  2907 | D:5      | Reached XP level 7. HP: 30/65 MP: 6/9
  3202 | D:5      | Reached XP level 8. HP: 64/70 MP: 10/10
  3725 | D:6      | Found a burning altar of Makhleb.
  3729 | D:6      | Noticed Maggie
  3730 | D:6      | Noticed Eustachio
  3749 | D:6      | Reached skill level 7 in Unarmed Combat
  3785 | D:6      | Lost mutation: You expend magic power (3 MP) to strengthen
                  | your wands. [Jiyva's grace]
  3785 | D:6      | Gained mutation: You have a small jelly attached to you
                  | that may absorb projectiles. [Jiyva's grace]
  3785 | D:6      | Gained mutation: Your flesh is cold resistant. (rC+)
                  | [Jiyva's grace]
  3785 | D:6      | Gained mutation: Your flesh is very cold resistant. (rC++)
                  | [Jiyva's grace]
  3785 | D:6      | Gained mutation: Your flesh is almost immune to the effects
                  | of cold. (rC+++) [Jiyva's grace]
  3833 | D:6      | Found a sand-covered staircase.
  3841 | Ossuary  | Entered an ossuary
  4205 | D:6      | Killed Maggie
  4206 | D:6      | Reached skill level 8 in Unarmed Combat
  4404 | D:6      | Noticed Edmund
  4410 | D:6      | Killed Edmund
  4524 | D:7      | Reached XP level 9. HP: 80/80 MP: 12/12
  4544 | D:7      | Learned a level 4 spell: Ice Form
  4601 | D:7      | Noticed a troll
  4609 | D:7      | Killed a troll
  4712 | D:7      | Reached skill level 9 in Unarmed Combat
  5061 | D:8      | Noticed a gargoyle
  5072 | D:8      | Killed a gargoyle
  5073 | D:8      | Reached skill level 1 in Armour
  5073 | D:8      | Reached skill level 1 in Ice Magic
  5716 | D:9      | Noticed a two-headed ogre
  5747 | D:9      | Killed a two-headed ogre
  5748 | D:9      | Reached XP level 10. HP: 59/91 MP: 12/14
  5771 | D:9      | Noticed a boulder beetle
  5786 | D:9      | Killed a boulder beetle
  5787 | D:9      | Reached skill level 10 in Unarmed Combat
  5867 | D:9      | Reached skill level 5 in Dodging
  6022 | D:9      | Reached ****** piety under Jiyva
  6174 | D:9      | Found Piag's General Store.
  6177 | D:9      | Bought the amulet "Wottacoc" {Harm Drain Regen+ Slay+2} for
                  | 517 gold pieces
  6204 | D:9      | Lost mutation: Your flesh is almost immune to the effects
                  | of cold. (rC+++) [Jiyva's grace]
  6204 | D:9      | Lost mutation: Your transparent skin significantly reduces
                  | your foes' accuracy. (Stealth+) [Jiyva's grace]
  6204 | D:9      | Gained mutation: Your muscles are strong. (Str +2) [Jiyva's
                  | grace]
  6204 | D:9      | Gained mutation: Your muscles are very strong. (Str +4)
                  | [Jiyva's grace]
  6204 | D:9      | Gained mutation: Your spells are a little harder to cast,
                  | but a little more powerful. [Jiyva's grace]
  6204 | D:9      | Gained mutation: Your spells are harder to cast, but more
                  | powerful. [Jiyva's grace]
  6581 | D:10     | Entered Level 10 of the Dungeon
  6581 | D:10     | Found a flagged portal.
  6608 | Bailey   | Entered a bailey
  6612 | Bailey   | Identified a scroll of acquirement
  6614 | Bailey   | Acquired 880 gold pieces
  6716 | Bailey   | Noticed an orc knight
  6726 | Bailey   | Killed an orc knight
  6735 | Bailey   | Found a large runed translucent door.
  6735 | Bailey   | Found a large runed translucent door.
  6737 | Bailey   | Noticed a deep elf pyromancer
  6746 | Bailey   | Killed a deep elf pyromancer
  6984 | D:10     | Reached skill level 11 in Unarmed Combat
  6988 | D:10     | Reached XP level 11. HP: 82/100 MP: 15/15
  7104 | D:10     | Noticed a two-headed ogre
  7111 | D:10     | Killed a two-headed ogre
  7498 | D:11     | Reached skill level 5 in Transmutations
  7531 | D:11     | Noticed a red ugly thing
  7537 | D:11     | Killed a purple ugly thing
  7625 | D:11     | Noticed an eight-headed hydra
  7633 | D:11     | Killed an eight-headed hydra
  7704 | D:11     | Noticed a boulder beetle
  7715 | D:11     | Killed a boulder beetle
  7845 | D:11     | Noticed a two-headed ogre
  7852 | D:11     | Killed a two-headed ogre
  7931 | D:11     | Reached skill level 12 in Unarmed Combat
  7940 | D:11     | Found a staircase to the Lair.
  7994 | D:11     | Lost mutation: Your spells are harder to cast, but more
                  | powerful. [Jiyva's grace]
  7994 | D:11     | Gained mutation: You are somewhat resistant to further
                  | mutation. [Jiyva's grace]
  7994 | D:11     | Gained mutation: You are somewhat resistant to both further
                  | mutation and mutation removal. [Jiyva's grace]
  7994 | D:11     | Gained mutation: You are almost entirely resistant to
                  | further mutation and mutation removal. [Jiyva's grace]
  7994 | D:11     | Gained mutation: You have a pair of small horns on your
                  | head. [Jiyva's grace]
  8354 | D:12     | Found a staircase to the Orcish Mines.
  8412 | D:12     | Reached skill level 5 in Fighting
  8632 | D:12     | Reached XP level 12. HP: 111/111 MP: 17/17
  8846 | Lair:1   | Entered Level 1 of the Lair of Beasts
  8949 | Lair:1   | Noticed a six-headed hydra
  8989 | Lair:1   | Slimified a seven-headed hydra
  8989 | Lair:1   | Noticed an azure jelly
  8989 | Lair:1   | a seven-headed hydra changed into an azure jelly
  9728 | Lair:2   | Noticed Nesabuf's ghost (journeyman MiBe)
  9731 | Lair:2   | Found a runed translucent door.
  9740 | Lair:2   | Reached skill level 13 in Unarmed Combat
  9833 | Lair:2   | Gained mutation: You have large cloven feet. [Jiyva's
                  | grace]
  9833 | Lair:2   | Gained mutation: You have hoof-like feet. [Jiyva's grace]
  9833 | Lair:2   | Gained mutation: You have hooves in place of feet. [Jiyva's
                  | grace]
  9833 | Lair:2   | Gained mutation: You have a somewhat thin skeletal
                  | structure. (Dex +2, Stealth+) [Jiyva's grace]
  9937 | Lair:2   | Noticed a death yak
  9939 | Lair:2   | Noticed a death yak
  9940 | Lair:2   | Noticed a death yak
  9942 | Lair:2   | Killed a death yak
  9944 | Lair:2   | Killed a death yak
  9945 | Lair:2   | Noticed a death yak
  9949 | Lair:2   | Killed a death yak
  9954 | Lair:2   | Killed a death yak
 10040 | Lair:2   | Noticed a catoblepas
 10055 | Lair:2   | Killed a catoblepas
 10114 | Lair:2   | Reached XP level 13. HP: 120/120 MP: 16/19
 10545 | Lair:3   | Found a hole to the Spider Nest.
 10631 | Lair:3   | Reached skill level 14 in Unarmed Combat
 10731 | Lair:3   | Reached skill level 5 in Spellcasting
 10752 | Lair:3   | Found a shimmering altar of Xom.
 11350 | Lair:4   | Found a bloodstained altar of Trog.
 11372 | Lair:4   | Noticed Nessos
 11382 | Lair:4   | Killed Nessos
 11466 | Lair:4   | Reached skill level 15 in Unarmed Combat
 11713 | Lair:4   | Lost mutation: You have hooves in place of feet. [Jiyva's
                  | grace]
 11713 | Lair:4   | Lost mutation: Your flesh is very cold resistant. (rC++)
                  | [Jiyva's grace]
 11713 | Lair:4   | Lost mutation: Your translucent skin reduces your foes'
                  | accuracy. (Stealth+) [Jiyva's grace]
 11713 | Lair:4   | Gained mutation: Your translucent skin reduces your foes'
                  | accuracy. (Stealth+) [Jiyva's grace]
 11713 | Lair:4   | Gained mutation: Your transparent skin significantly
                  | reduces your foes' accuracy. (Stealth+) [Jiyva's grace]
 11713 | Lair:4   | Gained mutation: You have a pair of horns on your head.
                  | [Jiyva's grace]
 11713 | Lair:4   | Gained mutation: You have a pair of large horns on your
                  | head. [Jiyva's grace]
 11888 | Lair:4   | Found a staircase to the Swamp.
 12049 | Lair:5   | Reached XP level 14. HP: 87/131 MP: 15/21
 12145 | Lair:5   | Found a viscous altar of Jiyva.
 12146 | Lair:5   | Found a staircase to the Slime Pits.
 12788 | Lair:6   | Entered Level 6 of the Lair of Beasts
 12866 | Lair:6   | Identified the +9 giant spiked club of Kuumiupu {protect,
                  | Int+2 Stlth+}
 13070 | Lair:6   | Learned a level 5 spell: Blade Hands
 13076 | Lair:6   | Learned a level 5 spell: Irradiate
 13211 | Lair:6   | Reached skill level 16 in Unarmed Combat
 13288 | Lair:6   | Reached skill level 1 in Conjurations
 13473 | Lair:6   | Lost mutation: You have hoof-like feet. [Jiyva's grace]
 13473 | Lair:6   | Lost mutation: You have large cloven feet. [Jiyva's grace]
 13473 | Lair:6   | Lost mutation: Your flesh is cold resistant. (rC+) [Jiyva's
                  | grace]
 13473 | Lair:6   | Lost mutation: Your transparent skin significantly reduces
                  | your foes' accuracy. (Stealth+) [Jiyva's grace]
 13473 | Lair:6   | Lost mutation: Your translucent skin reduces your foes'
                  | accuracy. (Stealth+) [Jiyva's grace]
 13473 | Lair:6   | Gained mutation: Your translucent skin reduces your foes'
                  | accuracy. (Stealth+) [Jiyva's grace]
 13473 | Lair:6   | Gained mutation: Your transparent skin significantly
                  | reduces your foes' accuracy. (Stealth+) [Jiyva's grace]
 13473 | Lair:6   | Gained mutation: You have claws for feet. [Jiyva's grace]
 13473 | Lair:6   | Gained mutation: Your flesh is heat resistant. (rF+)
                  | [Jiyva's grace]
 13759 | Lair:6   | Identified the +6 eveningstar "Moihups" {freeze, rF+ Int+4}
 13884 | Lair:6   | Found a corrupted altar of Lugonu.
 13884 | Lair:6   | Found a one-way gate to the infinite horrors of the Abyss.
 14150 | D:13     | Noticed an ironbound preserver
 14153 | D:13     | Found a gate to the Vaults.
 14168 | D:13     | Killed an ironbound preserver
 14187 | D:13     | Reached XP level 15. HP: 140/140 MP: 23/23
 14259 | D:13     | HP: 5/140 [red devil/+3 trident[a kobold demonologist]
                  | (22)]
 14259 | D:13     | Asphyxiated

Illustrated notes

Levels and vault maps discovered:
D:1:      lordsloth_arrival_two_stooges, layout_basic,
          chequers_ecumenical_altar_island
D:2:      layout_loops_corners, kennysheep_generic_room_7
D:3:      layout_loops_corners, grunt_temple_overflow_holy_war,
          minmay_goblin_kobold_house
D:4:      layout_basic, minmay_temple_entry_enclosed_plants, hex_large,
          minmay_diced_spiral
D:5:      minmay_goblin_kobold_castle, layout_cave_pools, hangedman_glass_teeth,
          water_maze_lemuel
D:6:      layout_basic, mainiacjoe_overflow_boulevard,
          nicolae_ossuary_entry_catacombs, uniq_maggie, uniq_edmund,
          uniq_eustachio
D:7:      layout_basic, uniq_pikel
D:8:      layout_loops_ring
D:9:      layout_loops_ring, serial_shops, nicolae_shop_window_shopping,
          serial_bayou, serial_bayou_pond_d, serial_bayou_shore_a,
          serial_bayou_ford_a, serial_bayou_pond_c, kennysheep_pointless_box,
          kb_rosetta
D:10:     layout_gridville, enter_bailey_5, minmay_crystal_water
D:11:     layout_loops_corners, minmay_lair_entry_grove
D:12:     layout_rooms, orc_0_dummy
D:13:     layout_small_grid, skrybe_vaults_entry_preservation
Lair:1:   layout_roguey [special_room_bee]
Lair:2:   layout_roguey, hellmonk_ghost_happy_afterlife,
          chequers_serial_rivers_micro_d, lemuel_fruit_tree, grunt_megastairs_2
Lair:3:   layout_roguey, hellmonk_spider_entry_not_the_bees, basic_altar,
          beast_lair_carwin_3
Lair:4:   layout_roguey, minmay_swamp_entry_swarm, basic_altar, pond,
          uniq_nessos
Lair:5:   layout_regular_city, dpeg_slime_entry_enclosed_altar,
          kennysheep_catoblepas_arena, lemuel_fruit_fields
Lair:6:   hellmonk_lair_end_abyssal_woods, layout_cave_pods

Skill      XL: |  1  2  3  4  5  6  7  8  9 10 11 12 13 14 |
---------------+-------------------------------------------+-----
Fighting       | 1 2 3 4 5 6 7 |  7.5
Unarmed Combat | 4 6 8 9 11 12 13 15 16 | 16.7
Dodging        | 2 3 4 5 6 7 8 9 |  9.1
Stealth        | 1 2 3 |  3.0
Spellcasting   | 2 3 4 5 6 |  6.1
Transmutations | 2 3 4 5 6 7 |  7.3
Armour         | 1 3 4 |  4.6
Ice Magic      | 1 2 3 4 |  4.7
Conjurations   | 2 |  2.0
Evocations     | |  0.3

Action                   |  1- 3 |  4- 6 |  7- 9 | 10-12 | 13-15 || total
-------------------------+-------+-------+-------+-------+-------++-------
Melee: Unarmed           |    86 |    78 |   317 |   426 |   477 ||  1384
       Punch             |     1 |     2 |    18 |    14 |    26 ||    61
       Kick              |       |       |     1 |    10 |   110 ||   121
       Headbutt          |       |       |     1 |    30 |    63 ||    94
 Cast: Beastly Appendage |       |       |     1 |     4 |     3 ||     8
       Ice Form          |       |       |       |     9 |    10 ||    19
       Blade Hands       |       |       |       |       |    14 ||    14
Invok: Oozemancy         |       |       |     1 |     3 |       ||     4
       Slimify           |       |       |       |     1 |       ||     1
Evoke: Wand              |       |     1 |     1 |     5 |     1 ||     8
  Use: Potion            |       |     1 |     2 |       |       ||     3
       Scroll            |       |       |     8 |     7 |     1 ||    16
 Stab: Sleeping          |     1 |     4 |     6 |     3 |     9 ||    23
       Distracted        |       |       |     1 |     1 |       ||     2
       Petrified         |       |       |       |     2 |     3 ||     5
       Paralysed         |       |       |       |       |     2 ||     2
Armor: Robe              |    30 |    10 |    51 |       |       ||    91
       Skin              |       |     2 |       |    44 |    57 ||   103
       Troll leather arm |       |       |    33 |   116 |   115 ||   264
       Steam dragon scal |       |       |    11 |       |       ||    11
Dodge: Dodged            |    35 |    50 |   222 |   289 |   374 ||   970

Table legend: (Time is in decaauts)
 A = Elapsed time spent in this place.
 B = Non-inter-level travel time spent in this place.
 C = Inter-level travel time spent in this place.
 D = Time resting spent in this place.
 E = Time spent auto-exploring this place.
 F = Levels seen in this place.
 G = Mean time per level.
                   A        B        C        D        E       F      G
               +--------+--------+--------+--------+--------+-----+--------+
         Total |  14038 |  13480 |    558 |     22 |   9242 |  21 |  668.5 |
       Dungeon |   8572 |   8229 |    343 |     20 |   5963 |  13 |  659.4 |
          Lair |   5047 |   4832 |    215 |      2 |   3207 |   6 |  841.2 |
       Ossuary |    202 |    202 |      0 |      0 |      1 |   1 |  202.0 |
        Bailey |    216 |    216 |      0 |      0 |     71 |   1 |  216.0 |
               +--------+--------+--------+--------+--------+-----+--------+

Top non-repeatable levels by time:
  Lair:6: 1086 daAuts
     D:9: 976 daAuts
     D:5: 962 daAuts
  Lair:2: 891 daAuts
    D:11: 877 daAuts
  Lair:5: 855 daAuts
     D:3: 786 daAuts
  Lair:1: 785 daAuts
  Lair:3: 765 daAuts
     D:2: 751 daAuts
     D:8: 730 daAuts
    D:10: 665 daAuts
  Lair:4: 663 daAuts
     D:1: 660 daAuts
     D:6: 567 daAuts
